 Dungeon Crawl Stone Soup version 0.21-a0-173-g99db44b (webtiles) character file.

114579 Leibowitz the Unseen (level 17, 0/108 HPs)
             Began as a Kobold Fighter on July 27, 2017.
             Was the Champion of Wu Jian.
             Killed by the air
             ... invoked by a wind drake
              (24 damage)
             ... on level 1 of the Shoals on Aug 8, 2017.
             The game lasted 01:51:24 (29794 turns).

Leibowitz the Unseen (Kobold Fighter)              Turns: 29794, Time: 01:51:25

Health: 0/108      AC: 25    Str: 13    XL:     17   Next: 21%
Magic:  22/22      EV: 22    Int:  9    God:    Wu Jian [******]
Gold:   2376       SH: 14    Dex: 19    Spells: 12/16 levels left

rFire    + . .     SeeInvis .   a - +3 short sword (venom)
rCold    + + .     Gourm    .   m - +2 shield
rNeg     . . .     Faith    .   y - +6 ring mail of the Known World {+Inv rElec rC++ Str-3}
rPois    +         Spirit   .   x - +1 hat
rElec    +         Reflect  .   G - +0 cloak {rPois}
rCorr    .         Harm     .   V - +2 pair of gloves
MR       +....                  h - +0 pair of boots {Fly}
Stlth    +++++++...             (no amulet)
HPRegen  0.28/turn              M - +5 ring of protection
MPRegen  0.18/turn              F - ring of protection from fire

@: flying, very slightly contaminated
A: carnivore 3
a: Serpent's Lash, Heavenly Storm, Renounce Religion, Evoke Invisibility


You were on level 1 of the Shoals.
You worshipped Wu Jian.
Wu Jian was exalted by your worship.
You were very full.

You visited 5 branches of the dungeon, and saw 25 of its levels.
You also visited: Volcano.

You collected 2548 gold pieces.
You spent 172 gold pieces at shops.

Inventory:

Hand Weapons
 a - a +3 short sword of venom (weapon)
 b - a +0 blowgun
Missiles
 d - 22 curare-tipped needles
 l - 4 throwing nets (quivered)
 Q - 5 needles of sleeping
Armour
 h - a +0 pair of boots of flying (worn)
 m - a +2 shield (worn)
 x - a +1 hat (worn)
 y - the +6 ring mail of the Known World (worn) {+Inv rElec rC++ Str-3}
   (You found it on level 4 of the Dungeon)

   It affects your strength (-3).
   It greatly protects you from cold.
   It insulates you from electricity.
   It lets you turn invisible.
 G - a +0 cloak of poison resistance (worn)
 V - a +2 pair of gloves (worn)
Jewellery
 e - a +3 ring of intelligence
 r - an uncursed ring of protection from cold
 F - a ring of protection from fire (right hand)
 M - a +5 ring of protection (left hand)
Wands
 p - a wand of confusion (13/48)
 q - a wand of digging (18/24)
 w - a wand of scattershot (5/9)
 I - a wand of clouds (4/9)
 L - a wand of paralysis (5/24)
 N - a wand of paralysis (20/24)
Scrolls
 i - 6 scrolls of enchant armour
 j - 10 scrolls of remove curse
 k - 13 scrolls of identify
 n - 2 scrolls of recharging
 o - a scroll of magic mapping
 B - 6 scrolls of teleportation
 C - 2 scrolls of holy word
 H - a scroll of amnesia
 J - a scroll of fear
 K - a scroll of brand weapon
 R - 2 scrolls of blinking
 U - 2 scrolls of fog
Potions
 c - 7 potions of agility
 g - a potion of magic
 t - 2 potions of brilliance
 u - 2 potions of lignification
 v - 5 potions of berserk rage
 z - 2 potions of haste
 A - 7 potions of curing
 D - 2 potions of resistance
 E - 2 potions of cancellation
 O - a potion of heal wounds
 P - 3 potions of might
Comestibles
 f - 11 meat rations
 s - 37 royal jellies


   Skills:
 * Level 12.8 Fighting
 + Level 12.9 Short Blades
 * Level 10.1 Armour
 * Level 13.1 Dodging
 * Level 20.9 Stealth
 + Level 8.7 Shields
 + Level 7.5 Evocations


You had 12 spell levels left.
You knew the following spells:

 Your Spells              Type           Power        Failure   Level  Hunger
a - Confusing Touch       Hex            #.....       93%         1    ##.....
b - Confuse               Hex            #.......     100%        3    ####...


Dungeon Overview and Level Annotations

Branches:
Dungeon (15/15)            Temple (1/1) D:6            Lair (6/6) D:11
 Shoals (1/4) Lair:3        Snake (0/4) Lair:4        Slime (0/5) Lair:5
    Orc (2/2) D:10            Elf (0/3) Orc:2        Depths (0/5) D:15
 Vaults: D:13-14

Altars:
Ashenzari
Cheibriados
Dithmenos
Elyvilon
Fedhas
Gozag
Hepliaklqana
Kikubaaqudgha
Makhleb
Nemelex Xobeh
Okawaru
Qazlal
Ru
Sif Muna
Trog
Uskayaw
Vehumet
Wu Jian
Xom
Yredelemnul
Zin
The Shining One
Jiyva

Shops:
D:5 [[

Portals:
Trove: D:10 (give 2 scrolls of acquirement)

Annotations:
D:7 eskilway's ghost, novice TrMo


Innate Abilities, Weirdness & Mutations

You are small and have problems with some larger weapons.
You are carnivorous and can eat meat at any time.


Message History

The air twists around and violently strikes you in flight!
* * * LOW HITPOINT WARNING * * *
You feel much better. The wind drake flaps its wings at you.
The air twists around and violently strikes you in flight!
The wind drake exhales a fierce blast of wind!
You are blown backwards!
The wind drake flaps its wings at you.
The air twists around and violently strikes you in flight!
Found 4 fruits.
The wind drake flaps its wings at you.
The air twists around and violently strikes you in flight!
* * * LOW HITPOINT WARNING * * *
A water nymph comes into view.
Blink to where?
Press: ? - help, Dir - move target cursor
As you read the scroll of blinking, it crumbles to dust.
The wind drake flaps its wings at you.
The air twists around and violently strikes you in flight!
You die...

#.≈≈≈≈≈≈.###≈≈..≈≈≈≈≈
.###.≈≈≈..≈....≈...≈≈≈≈≈
.......≈≈........≈...≈≈≈≈≈
................§....≈≈≈≈≈
.................≈≈≈≈≈≈≈≈≈
..............##.≈≈≈≈≈≈≈≈≈
.............###k.≈≈≈≈≈≈≈≈
≈≈≈≈≈..........##.≈≈≈≈≈≈≈≈≈
≈≈≈≈≈≈≈...@...k...≈≈≈≈≈≈≈≈≈
≈≈≈≈≈≈≈......≈≈k..≈...≈≈≈..
≈≈≈≈≈≈≈≈...†≈≈≈≈≈≈≈.....≈..
...≈≈≈≈≈....≈≈≈≈≈≈≈..##....
.k.D≈≈≈≈....≈(≈≈....## ####
#..≈≈≈≈.....≈≈.....#
##..≈≈≈≈.....≈≈.......
....≈≈†≈......≈..#.....
...≈≈≈≈≈...$.)...#.!...


You could see 2 wind drakes and a steam dragon (wandering).

Vanquished Creatures
  An orc warlord (Orc:1)
  Louise (Shoals:1)
  A stone giant (Volcano)
  Nessos (Lair:6)
  An ettin (Orc:1)
  A yaktaur captain (D:15)
  Fannar (D:10)
  A fire dragon (Lair:6)
  Harold (D:10)
  12 hydras
  Erica (Lair:1)
  4 centaur warriors
  2 tengu warriors
  A queen ant (Lair:2)
  5 two-headed ogres
  6 death yaks (Lair:6)
  Nergalle (Orc:1)
  Sonja (D:15)
  An unseen horror (D:14)
  A swamp dragon (Lair:6)
  A lindwurm (Lair:6)
  6 ugly things (D:14)
  2 orc sorcerers (Orc:2)
  A wolf spider (D:15)
  A deep elf mage (D:15)
  4 manticores
  7 oklob plants
  Maurice (Orc:1)
  3 cyclopes
  10 elephants
  5 black mambas
  6 gargoyles
  2 molten gargoyles (Volcano)
  4 orange demons (D:14)
  7 spiny frogs
  11 rime drakes
  2 kobold demonologists
  10 yaktaurs (D:15)
  An efreet (Volcano)
  11 komodo dragons
  7 trolls
  A queen bee (D:14)
  3 red devils (D:14)
  3 meliai (D:14)
  3 raiju (Lair:6)
  9 polar bears (Lair:6)
  39 blink frogs
  18 hippogriffs
  Sigmund (D:6)
  7 wyverns
  A vampire (D:14)
  74 yaks
  A fire bat (Volcano)
  3 wraiths (D:14)
  A fire elemental (Volcano)
  Grum (D:10)
  7 basilisks
  6 vampire mosquitoes
  20 steam dragons
  2 hungry ghosts
  2 nagas (Lair:4)
  5 soldier ants (Lair:2)
  10 wargs
  3 acid dragons
  12 hell hounds (Lair:6)
  8 porcupines
  16 water moccasins
  10 orc warriors
  4 sky beasts
  5 ice beasts
  3 necrophages
  12 black bears
  13 wolves
  6 ogres
  32 centaurs
  13 crocodiles
  7 big kobolds
  An earth elemental (Volcano)
  10 bullfrogs
  2 gnoll sergeants
  2 wyvern zombies
  7 scorpions
  20 killer bees (D:14)
  5 wights (D:11)
  7 howler monkeys
  9 crimson imps
  2 bullfrog zombies (D:13)
  7 lava snakes (Volcano)
  5 hounds
  3 jellies
  5 centaur zombies
  5 centaur skeletons
  7 orc priests
  11 orc wizards
  2 bullfrog skeletons
  7 iguanas
  Ijyb (D:4)
  16 worker ants
  2 hound zombies
  A hound skeleton (D:11)
  A howler monkey zombie (D:11)
  A worker ant zombie (D:5)
  12 gnolls
  12 adders
  A shadow imp (D:8)
  An ooze (D:2)
  An adder skeleton (D:5)
  12 worms
  4 dart slugs
  17 leopard geckos
  55 orcs
  3 giant cockroaches
  6 goblins
  5 hobgoblins
  21 jackals
  2 quokkas
  A ball python (D:1)
  6 bats
  7 frilled lizards
  32 kobolds
  10 rats
854 creatures vanquished.

Vanquished Creatures (others)
  A vault guard (D:13)
  A yaktaur (D:15)
  2 rime drakes (Lair:3)
  A wraith (D:13)
  A steam dragon (Lair:3)
  An orc warrior (Orc:1)
  4 wolves (Lair:6)
  An orc (D:10)
  A bush (Lair:6)
  33 fungi
  52 plants
98 creatures vanquished.

Grand Total: 952 creatures vanquished

Notes
Turn   | Place    | Note
-------+----------+-------------------------------------------
     0 | D:1      | Leibowitz the Kobold Fighter began the quest for the Orb.
     0 | D:1      | Reached XP level 1. HP: 14/14 MP: 1/1
    32 | D:1      | Reached XP level 2. HP: 19/19 MP: 2/2
   323 | D:1      | Reached XP level 3. HP: 22/23 MP: 3/3
   889 | D:2      | Reached XP level 4. HP: 21/28 MP: 4/4
  1168 | D:2      | Reached skill level 1 in Stealth
  1458 | D:3      | Reached skill level 1 in Dodging
  2014 | D:3      | Reached XP level 5. HP: 33/33 MP: 5/5
  2173 | D:3      | Found a deep blue altar of Sif Muna.
  2278 | D:3      | Found a glowing silver altar of Zin.
  2292 | D:3      | Found a burning altar of Makhleb.
  2741 | D:4      | Noticed an ogre
  2767 | D:4      | Killed an ogre
  2767 | D:4      | Reached skill level 2 in Stealth
  2767 | D:4      | Reached XP level 6. HP: 30/38 MP: 6/6
  2982 | D:4      | Reached skill level 5 in Short Blades
  3169 | D:4      | Noticed Ijyb
  3185 | D:4      | Killed Ijyb
  3185 | D:4      | Reached XP level 7. HP: 40/44 MP: 7/7
  3233 | D:4      | Got a twisted ring mail
  3246 | D:4      | Identified the +6 ring mail of the Known World {+Inv rElec rC++ Str-3} (You found it on level 4 of the Dungeon)
  3349 | D:4      | Reached skill level 3 in Stealth
  3515 | D:4      | Learned a level 1 spell: Confusing Touch
  3519 | D:4      | Learned a level 3 spell: Confuse
  3695 | D:4      | Found a white marble altar of Elyvilon.
  3696 | D:4      | Found a sacrificial altar of Ru.
  3697 | D:4      | Found a stormy altar of Qazlal.
  3732 | D:5      | Entered Level 5 of the Dungeon
  3764 | D:5      | Found Bilegawn's Armour Shoppe.
  3780 | D:5      | Found a bloodstained altar of Trog.
  3782 | D:5      | Bought a +0 pair of boots of flying for 172 gold pieces
  4228 | D:5      | Reached XP level 8. HP: 34/48 MP: 8/8
  4323 | D:5      | Found Hariw's Armour Shoppe.
  4420 | D:5      | Reached skill level 5 in Fighting
  4629 | D:5      | Reached skill level 4 in Stealth
  4757 | D:6      | Noticed Sigmund
  4768 | D:6      | Killed Sigmund
  5258 | D:6      | Found a staircase to the Ecumenical Temple.
  5289 | Temple   | Entered the Ecumenical Temple
  5392 | Temple   | Became a worshipper of the Wu Jian Council
  5476 | D:6      | Reached XP level 9. HP: 55/55 MP: 6/9
  5483 | D:6      | Reached skill level 5 in Dodging
  5483 | D:6      | Reached skill level 5 in Stealth
  5483 | D:6      | Reached skill level 1 in Evocations
  6052 | D:7      | Noticed eskilway's ghost (novice TrMo)
  6192 | D:7      | Found an iron altar of Okawaru.
  6223 | D:7      | Found a shadowy altar of Dithmenos.
  6549 | D:7      | Noticed a hippogriff
  6564 | D:7      | Killed a hippogriff
  6852 | D:6      | Reached skill level 6 in Stealth
  7474 | D:8      | Noticed a two-headed ogre
  7479 | D:8      | Killed a two-headed ogre
  7479 | D:8      | Reached skill level 5 in Armour
  7479 | D:8      | Reached XP level 10. HP: 43/61 MP: 11/11
  7668 | D:8      | Reached skill level 7 in Stealth
  7779 | D:8      | Found a hazy altar of Hepliaklqana.
  7970 | D:8      | Reached * piety under Wu Jian
  8344 | D:9      | Noticed a two-headed ogre
  8358 | D:9      | Killed a two-headed ogre
  8358 | D:9      | Reached skill level 8 in Stealth
  8358 | D:9      | Reached skill level 5 in Shields
  8963 | D:10     | Entered Level 10 of the Dungeon
  9098 | D:10     | Reached skill level 9 in Stealth
  9151 | D:10     | Noticed a two-headed ogre
  9178 | D:10     | Killed a two-headed ogre
  9186 | D:10     | Reached ** piety under Wu Jian
  9275 | D:10     | Noticed a gargoyle
  9511 | D:10     | Reached XP level 11. HP: 67/67 MP: 12/12
  9518 | D:10     | Found a staircase to the Orcish Mines.
  9615 | D:10     | Noticed Fannar
  9625 | D:10     | Found a portal to a secret trove of treasure.
  9628 | D:10     | Killed Fannar
  9628 | D:10     | Reached skill level 10 in Stealth
  9782 | D:10     | Noticed Grum
 10189 | D:10     | Reached skill level 10 in Short Blades
 10435 | D:10     | Killed Grum
 10823 | D:11     | Noticed an oklob plant
 10930 | D:11     | Noticed an oklob plant
 11065 | D:11     | Found a staircase to the Lair.
 11178 | D:11     | Reached *** piety under Wu Jian
 11389 | D:11     | Noticed a centaur warrior
 11449 | D:11     | Killed a centaur warrior
 11449 | D:11     | Reached skill level 11 in Stealth
 11504 | D:11     | Reached XP level 12. HP: 44/75 MP: 15/15
 12013 | D:11     | Reached **** piety under Wu Jian
 12429 | D:11     | Reached skill level 12 in Stealth
 13503 | D:13     | Noticed a four-headed hydra
 13505 | D:13     | Killed a four-headed hydra
 13647 | D:13     | Reached skill level 13 in Stealth
 13793 | D:13     | Noticed a two-headed ogre
 13806 | D:13     | Killed a two-headed ogre
 13855 | D:13     | Reached ***** piety under Wu Jian
 13985 | D:13     | Reached skill level 5 in Evocations
 13991 | D:13     | Reached XP level 13. HP: 80/80 MP: 14/16
 14043 | D:13     | Reached skill level 10 in Dodging
 14519 | D:13     | Noticed a five-headed hydra
 14523 | D:13     | Noticed a vault guard
 14555 | D:13     | Killed a vault guard
 14556 | D:13     | Killed a five-headed hydra
 14589 | D:13     | Reached skill level 14 in Stealth
 14787 | Lair:1   | Entered Level 1 of the Lair of Beasts
 15190 | Lair:1   | Noticed a seven-headed hydra
 15204 | Lair:1   | Killed a seven-headed hydra
 15204 | Lair:1   | Reached skill level 10 in Fighting
 15294 | Lair:1   | Noticed an eight-headed hydra
 15296 | Lair:1   | Noticed Erica
 15355 | Lair:1   | Killed an eight-headed hydra
 15362 | Lair:1   | Killed Erica
 15901 | Lair:2   | Reached skill level 15 in Stealth
 16448 | Lair:2   | Reached XP level 14. HP: 88/88 MP: 18/18
 17227 | Lair:3   | Found a dark tunnel.
 17234 | Volcano  | Entered a volcano
 17684 | Volcano  | Found a burning altar of Makhleb.
 17699 | Volcano  | Reached skill level 16 in Stealth
 17914 | Volcano  | Noticed a stone giant
 17919 | Volcano  | Killed a stone giant
 17932 | Volcano  | Reached ****** piety under Wu Jian
 18150 | Lair:3   | Found a staircase to the Shoals.
 19659 | Lair:4   | Found a staircase to the Snake Pit.
 19827 | Lair:5   | Reached skill level 17 in Stealth
 20396 | Lair:5   | Reached XP level 15. HP: 84/95 MP: 17/20
 20671 | Lair:5   | Found a staircase to the Slime Pits.
 20672 | Lair:5   | Found a viscous altar of Jiyva.
 21004 | Lair:6   | Entered Level 6 of the Lair of Beasts
 21160 | Lair:6   | Got a translucent leather armour
 21185 | Lair:6   | Reached skill level 18 in Stealth
 22683 | Lair:6   | Noticed Nessos
 22690 | Lair:6   | Killed Nessos
 23765 | Lair:6   | Reached XP level 16. HP: 101/101 MP: 21/21
 23845 | Lair:6   | Reached skill level 19 in Stealth
 25106 | Lair:2   | Got an ancient scarf
 25112 | Lair:2   | Identified the scarf of the Blizzard {Str+2 Dex+2 Stlth-} (You found it on level 2 of the Lair of Beasts)
 25122 | Lair:2   | Identified the +1 leather armour of Woor {-Tele MR++ Str+2} (You found it on level 6 of the Lair of Beasts)
 25266 | Orc:1    | Entered Level 1 of the Orcish Mines
 25278 | Orc:1    | Noticed Harold
 25314 | D:10     | Killed Harold
 25606 | Orc:1    | Noticed Maurice
 25614 | Orc:1    | Killed Maurice
 25630 | Orc:1    | Noticed Nergalle
 25756 | Orc:1    | Killed Nergalle
 26014 | Orc:2    | Entered Level 2 of the Orcish Mines
 26115 | Orc:2    | Found a staircase to the Elven Halls.
 26833 | D:14     | Found an iron altar of Okawaru.
 27051 | D:14     | Reached skill level 20 in Stealth
 28290 | D:15     | Entered Level 15 of the Dungeon
 28290 | D:15     | Noticed Sonja
 28294 | D:15     | Reached skill level 10 in Armour
 28298 | D:15     | Killed Sonja
 28467 | D:15     | Paralysed by something for 4 turns
 28476 | D:15     | Paralysed by a vampire for 4 turns
 28484 | D:15     | Paralysed by a vampire for 7 turns
 28678 | D:14     | Upgraded the game from 0.21-a0-150-gc243083 to 0.21-a0-173-g99db44b
 28844 | D:15     | Reached XP level 17. HP: 72/108 MP: 22/22
 28974 | D:15     | Found a staircase to the Depths.
 29162 | D:15     | Found a blossoming altar of Fedhas.
 29751 | Shoals:1 | Entered Level 1 of the Shoals
 29753 | Shoals:1 | Noticed Louise
 29760 | Shoals:1 | Killed Louise
 29794 | Shoals:1 | Killed from afar by a wind drake

Vault maps used:
D:1:      lightli_iron_boxes, grunt_decor_arrowhead
D:3:      zin_statuary, nicolae_overflow_crystal_walls, first_bread,
          hangedman_feature_mirror, makhleb_heckhound_becter
D:4:      minitemple, uniq_ijyb
D:5:      lemuel_crystal_altar, serial_shops, shop, kennysheep_mini,
          kennysheep_pointless_box
D:6:      minmay_temple_entry_statues_fountains, uniq_sigmund
D:7:      old_standard_altar, grunt_dithmenos_smoke
D:8:      kennysheep_little_box
D:10:     orc_0_dummy, nicolae_trove_entry_crossroad, uniq_grum, uniq_fannar
D:11:     dpeg_oklobed_lair
D:13:     david_vaults_5, the_bakery
D:14:     basic_altar, minmay_beelzebubs_servants
D:15:     grunt_enter_depths_snipers, fedhas_altar_fruit_tree, uniq_sonja
Temple:   dshaligram_water_room_temple
Lair:1:   grunt_megastairs_3, uniq_erica
Lair:2:   wad_woods_antlair
Lair:3:   shoals_dummy_entry, enter_volcano_4, bobbens_dragon_lair_wall
Lair:4:   minmay_snake_entry_guardpost_large
Lair:5:   slime_altar_1, lemuel_fruit_fields, grunt_megastairs_5
Lair:6:   guppyfry_lair_end_dragon, hangedman_lair_caniforms_friends,
          grunt_megastairs_1, lemuel_fruit_tree, minmay_lair_oklob_chamber,
          infiniplex_staircase_pool_2, uniq_nessos
Shoals:1: nicolae_shoals_drake_roost, uniq_louise
Orc:1:    uniq_maurice, uniq_nergalle, uniq_harold
Orc:2:    st_orc_town, uniq_josephine
Volcano:  volcano_lake

Skill      XL: |  1  2  3  4  5  6  7  8  9 10 11 12 13 14 15 16 17 |
---------------+----------------------------------------------------+-----
Short Blades   | 3 4 5 7 8 9 10 11 12 | 12.9
Shields        | 3 4 5 6 7 8 |  8.7
Stealth        | 1 2 3 4 6 9 11 13 15 17 18 20 | 20.9
Dodging        | 1 2 3 4 6 7 8 9 10 11 12 13 | 13.1
Fighting       | 4 5 6 7 8 9 10 11 12 | 12.8
Armour         | 3 4 5 6 7 8 9 10 | 10.1
Evocations     | 1 2 4 5 6 7 |  7.5

Action                   |  1- 3 |  4- 6 |  7- 9 | 10-12 | 13-15 | 16-18 || total
-------------------------+-------+-------+-------+-------+-------+-------++-------
Melee: Rapier            |   114 |    11 |       |       |       |       ||   125
       Short sword       |       |   139 |   358 |   797 |  1446 |  1167 ||  3907
 Fire: Blowgun           |       |     2 |       |       |       |       ||     2
Throw: Throwing net      |       |       |       |       |       |     6 ||     6
 Abil: Evoke Invisibilit |       |       |     4 |    22 |    30 |    19 ||    75
Evoke: Wand              |     1 |     2 |       |       |       |       ||     3
  Use: Potion            |       |       |    10 |     1 |       |     3 ||    14
       Scroll            |       |       |    12 |       |     9 |     5 ||    26
 Stab: Sleeping          |       |     2 |     6 |    31 |    71 |    41 ||   151
       Invisible         |       |       |     2 |    51 |   106 |    64 ||   223
       Distracted        |       |       |       |       |     9 |     7 ||    16
       Held in net/web   |       |       |       |       |       |     5 ||     5
  Eat: Chunk             |     8 |     8 |    15 |    39 |    43 |    28 ||   141
Armor: Scale mail        |     4 |       |       |       |       |       ||     4
       Leather armour    |    24 |    17 |     1 |       |       |       ||    42
       Ring mail         |       |       |    78 |   137 |   170 |   216 ||   601
Dodge: Dodged            |    27 |    35 |   114 |   283 |   490 |   545 ||  1494
Block: Shield            |    64 |    57 |   177 |   361 |   515 |   560 ||  1734
